 Dungeon Crawl Stone Soup version 0.29.1-15-g9cfb28693d (webtiles) character file.

Game seed: 12446939147715344090

3328 GeoRichter the Zephyrmancer (level 9, -4/67 HPs)
             Began as a Demonspawn Air Elementalist on Mar 11, 2023.
             Was a Believer of Ashenzari.
             Collided with a stone wall (16 damage)
             ... caused by a wretched star
             ... on level 1 of the Abyss.
             The game lasted 00:19:49 (9760 turns).

GeoRichter the Zephyrmancer (DsAE)                  Turns: 9760, Time: 00:19:50

Health: -4/67      AC:  9    Str:  8    XL:     9   Next: 71%
Magic:  15/15      EV: 15    Int: 22    God:    Ashenzari [**....]
Gold:   293        SH:  0    Dex: 19    Spells: 9/16 levels left

rFire   . . .      SeeInvis +   r - +8 quarterstaff of the Fated Scepticism {chaos, Elem, Melee} (curse)
rCold   . . .      Faith    .   (shield currently unavailable)
rNeg    . . .      Spirit   .   g - +0 ring mail
rPois   .          Reflect  .   (helmet restricted)
rElec   .          Harm     .   q - +1 cloak of the Ensconced Portent {Fort, Elem} (curse)
rCorr   .          Rampage  .   h - +0 pair of gloves
Will    .....                   y - +0 pair of boots
Stlth   +++++.....              (no amulet)
HPRegen 0.21/turn               v - ring "Behold Eternity" {EV+4, Evo, Comp} (curse)
MPRegen 0.14/turn               (no ring)

@: silenced
A: horns 2, thin skeletal structure 3, demonic magic 2, [no potion heal 2]
a: Renounce Religion, Shatter the Chains


You were on level 1 of the Abyss.
You worshipped Ashenzari.
Ashenzari was pleased with you.
You visited 2 branches of the dungeon, and saw 8 of its levels.
You visited the Abyss 1 time.

You collected 293 gold pieces.

Inventory:

Hand Weapons
 r - the cursed +8 quarterstaff of the Fated Scepticism (weapon) {chaos, Elem, Melee}
   (You took it off Crazy Yiuf on level 2 of the Dungeon)

   Each time it hits an enemy it has a different, random effect.
   It has a curse which improves the following skills: Elements: Fire Magic, Ice
   Magic, Air Magic and Earth Magic.
   Melee Combat: Short Blades, Long Blades, Axes, Maces & Flails, Polearms,
   Staves and Unarmed Combat.
 A - a +3 spear
   (You took it off a gnoll on level 4 of the Dungeon)
Missiles
 m - 5 throwing nets {!f}
Armour
 a - a +0 robe
 e - a +0 buckler
   (You took it off a gnoll sergeant on level 6 of the Dungeon)
 g - a +0 ring mail (worn)
   (You took it off a gnoll sergeant on level 6 of the Dungeon)
 h - a +0 pair of gloves (worn)
   (You found it on level 1 of the Dungeon)
 q - the cursed +1 cloak of the Ensconced Portent (worn) {Fort, Elem}
   (You took it off Crazy Yiuf on level 2 of the Dungeon)

   It has a curse which improves the following skills: Fortitude: Armour and
   Shields.
   Elements:  Fire Magic, Ice Magic, Air Magic and Earth Magic.
 y - a +0 pair of boots (worn)
   (You found it on level 6 of the Dungeon)
Jewellery
 v - the cursed ring "Behold Eternity" (left hand) {EV+4, Evo, Comp}
   (You found it on level 3 of the Dungeon)

   [ring of evasion]

   EV:        It affects your evasion (+4).
   It has a curse which improves the following skills: Evocations: Evocations.
   Companions: Summonings and Necromancy.
 B - a ring of magical power
   (You found it on level 6 of the Dungeon)
Wands
 c - a wand of roots (12)
   (You took it off Duvessa on level 4 of the Dungeon)
 s - a wand of flame (25)
   (You took it off Crazy Yiuf on level 2 of the Dungeon)
 u - a wand of digging (7)
   (You took it off Blork the orc on level 6 of the Dungeon)
Scrolls
 d - a scroll of vulnerability {!r}
 k - a scroll of fear
 l - a scroll of enchant armour
 n - a scroll of silence
 z - a scroll of blinking
 C - a scroll of summoning
Potions
 b - 3 potions of magic
 f - a potion of attraction {!q}
 i - a potion of ambrosia
 j - 3 potions of lignification {!q}
 o - 4 potions of flight
 p - 4 potions of brilliance
 t - a potion of haste {@q3}
 w - a potion of cancellation
 x - 2 potions of might


   Skills:
 - Level 4.8 Fighting
 - Level 0.8(1.5) Armour
 - Level 4.1 Dodging
 + Level 3.0 Stealth
 - Level 4.2 Spellcasting
 - Level 6.5 Conjurations
 - Level 8.7(10.6) Air Magic


You had 9 spell levels left.
You knew the following spells:

 Your Spells              Type           Power      Damage    Failure   Level
a - Shock                 Conj/Air       100%       1d9       1%          1
b - Static Discharge      Conj/Air       42%        3-9/arc   1%          2
c - Airstrike             Air            25%        2d(4-20)  4%          4

Your spell library contained the following spells:

 Spells                   Type           Power      Damage    Failure   Level
 Swiftness                Air            51%        N/A       1%          3


Dungeon Overview and Level Annotations

Branches:
Dungeon (7/15) Zot: 26324  Temple (1/1) D:5 Zot: 5668

Altars:
Ashenzari
Cheibriados
Dithmenos
Fedhas
Gozag
Hepliaklqana
Kikubaaqudgha
Makhleb
Nemelex Xobeh
Okawaru
Qazlal
Ru
Sif Muna
Trog
Uskayaw
Vehumet
Wu Jian
Xom
Yredelemnul

Annotations:
D:3 1 transporter, Elsvaer's ghost, amateur DECj


Innate Abilities, Weirdness & Mutations

You have a pair of horns on your head.
You have an unnaturally thin skeletal structure. (Dex +6, Stealth+++)
Spells you cast may paralyse nearby enemies.
[Potions cannot restore your health.]


Message History

The wight is struck by an arc of lightning!
You are struck by an arc of lightning.
The lightning grounds out.
Malevolent energies surge around you.
The wight suddenly stops moving!
The helpless wight fails to defend itself.
You hit the wight.
The helpless wight fails to defend itself.
You hit the wight. You burn the wight.
The wight is no longer paralysed.
The wight hits you with a +0 dagger. The wight barely misses you.
You completely miss the wight. The wight closely misses you.
The wight barely misses you. The wight hits you with a +0 dagger.
The wight closely misses you.
You hit the wight. You headbutt the wight.
You destroy the wight!
The wight hits you but does no damage.
You are cast into the Abyss!
This branch contains the abyssal rune of Zot.
Found a gateway leading deeper into the Abyss.
Found a gateway leading deeper into the Abyss.
A smoke demon comes into view.
A thrashing horror comes into view.
Ashenzari invites you to partake of a vision and a curse of fortitude and elements.
Your +1 cloak glows black for a moment.
Okay, then.
An iron imp comes into view.
Okay, then.
A starcursed mass comes into view.
A smoke demon comes into view.
The smoke demon roars!
A hellwing comes into view.
An orange demon comes into view.
The orange demon screeches!
You hear a chilling moan.
A wretched star comes into view.
A smoke demon comes into view.
The smoke demon gestures at you. Something smites you!
The smoke demon gestures at you. Something smites you!
The wretched star glows turbulently.
The lance of force hits you!
* * * LOW HITPOINT WARNING * * *
You are knocked back by the lance of force.
The wretched star pulses with an eldritch light!
Your system partially rejects the healing effects of potions.
Your system completely rejects the healing effects of potions.
The wretched star glows turbulently.
The lance of force hits you!!
* * * LOW HITPOINT WARNING * * *
You are knocked back by the lance of force.
You slam into the stone wall!
You die...

, ,, W.##.#######.
..# #...........## ,
, * ##.#...#.#.......
,, * ####.#*.*.....
#. * #
##..##.#.......#
,#.#.#.##*#.#.#.#..#*
* *#.##.#..#######
.## , , * #.#..### ,
, ## **#@....#, ,*.#
** ,,* ##.#### ,* *
** ....,* , * .#...#
,, *#.##.#.. , * , *
,. , #.#.#,, , *..
.#.# ,, ,* .# # , *
** , * ,


You could see a wretched star (unsilenced).

Vanquished Creatures
  Pikel (D:6)
  Prince Ribbit (D:5)
  Menkaure (D:6)
  Duvessa (D:4)
  A sky beast (D:6)
  An ogre (D:5)
  A lemure (D:5)
  9 kobold brigands (D:6)
  A bullfrog (D:7)
  Blork the orc (D:6)
  2 gnoll sergeants
  4 necrophages
  2 scorpions (D:6)
  Dowan (D:4)
  8 wights
  The ghost of sphericalcow the Trooper, a weakling DsBe of Trog (D:6)
  A howler monkey (D:6)
  A jelly (D:5)
  3 hounds (D:4)
  Crazy Yiuf (D:2)
  A gnoll bouda (D:5)
  An orc priest (D:7)
  An iguana (D:6)
  A mummy (D:3)
  13 gnolls
  5 adders
  3 white imps
  An ufetubus (D:7)
  3 worms
  2 dart slugs
  9 orcs
  7 endoplasms
  2 giant cockroaches
  7 goblins
  4 hobgoblins
  2 quokkas
  3 ball pythons
  A bat (D:2)
  3 frilled lizards
  4 kobolds
  7 rats
122 creatures vanquished.

Vanquished Creatures (others)
  2 plants (D:5)
2 creatures vanquished.

Grand Total: 124 creatures vanquished

Notes
Turn   | Place    | Note
-------+----------+-------------------------------------------
     0 | D:1      | GeoRichter the Demonspawn Air Elementalist began the quest
                  | for the Orb.
     0 | D:1      | Reached XP level 1. HP: 13/13 MP: 3/3
   382 | D:1      | Gained mutation: You have a somewhat thin skeletal
                  | structure. (Dex +2, Stealth+) [demonic ancestry]
   382 | D:1      | Reached XP level 2. HP: 19/19 MP: 0/5
  1519 | D:2      | Found a runed translucent door.
  1520 | D:2      | Noticed Crazy Yiuf
  1944 | D:2      | Reached skill level 3 in Air Magic
  1944 | D:2      | Gained mutation: You have a pair of small horns on your
                  | head. [demonic ancestry]
  1944 | D:2      | Reached XP level 3. HP: 24/24 MP: 1/6
  1997 | D:1      | Learned a level 2 spell: Static Discharge
  2254 | D:2      | Found a faded altar of an unknown god.
  2448 | D:2      | Killed Crazy Yiuf
  2765 | D:3      | Identified the +1 chain mail "Fekhleg" {Str+4}
  2789 | D:3      | Gained mutation: You have a moderately thin skeletal
                  | structure. (Dex +4, Stealth++) [demonic ancestry]
  2789 | D:3      | Reached XP level 4. HP: 30/30 MP: 2/7
  2981 | D:3      | Noticed an ogre
  2983 | D:3      | Noticed Elsvaer's ghost (amateur DECj)
  2984 | D:3      | Found a transporter.
  2984 | D:3      | Noticed an ogre
  2985 | D:3      | Identified the +5 great mace of the Writhing Puffin
                  | {vorpal, Contam +Blink Fly Dex+6}
  2985 | D:3      | Noticed an ogre
  3068 | D:3      | Learned a level 4 spell: Airstrike
  3264 | D:3      | Found a snail-covered altar of Cheibriados.
  3846 | D:4      | Noticed Dowan
  4095 | D:4      | Reached skill level 4 in Air Magic
  4284 | D:4      | Noticed a necrophage
  4290 | D:4      | Killed a necrophage
  4291 | D:4      | Gained mutation: Spells you cast may paralyse adjacent
                  | enemies. [demonic ancestry]
  4291 | D:4      | Reached XP level 5. HP: 35/35 MP: 1/8
  4837 | D:4      | Gained mutation: You have an unnaturally thin skeletal
                  | structure. (Dex +6, Stealth+++) [demonic ancestry]
  4837 | D:4      | Reached XP level 6. HP: 38/41 MP: 1/9
  4869 | D:4      | Reached skill level 5 in Air Magic
  4977 | D:4      | Noticed Duvessa
  4987 | D:5      | Entered Level 5 of the Dungeon
  5006 | D:5      | Found a staircase to the Ecumenical Temple.
  5108 | D:5      | Noticed Prince Ribbit
  5174 | Temple   | Entered the Ecumenical Temple
  5432 | Temple   | Became a worshipper of Ashenzari the Shackled
  5739 | D:4      | Killed Duvessa
  5740 | D:4      | Reached XP level 7. HP: 10/46 MP: 1/10
  5746 | D:4      | Killed Dowan
  5747 | D:4      | Reached skill level 6 in Air Magic
  5760 | D:4      | Found an iron altar of Okawaru.
  6547 | D:5      | Reached * piety under Ashenzari
  6703 | D:5      | Found a faded altar of an unknown god.
  6704 | D:5      | Found a faded altar of an unknown god.
  6739 | D:5      | Found a faded altar of an unknown god.
  6739 | D:5      | Found a hazy altar of Hepliaklqana.
  6741 | D:5      | Found a faded altar of an unknown god.
  7025 | D:5      | Killed Prince Ribbit
  7026 | D:5      | Reached skill level 5 in Conjurations
  7026 | D:5      | Reached skill level 7 in Air Magic
  7138 | D:6      | Found a runed translucent gate.
  7138 | D:6      | Found a runed translucent gate.
  7141 | D:6      | Found a runed translucent gate.
  7144 | D:6      | Noticed sphericalcow's ghost (weakling DsBe)
  7146 | D:6      | Noticed Pikel
  7191 | D:6      | Noticed Blork the orc
  7194 | D:6      | Killed Blork the orc
  7195 | D:6      | Gained mutation: Spells you cast may paralyse nearby
                  | enemies. [demonic ancestry]
  7195 | D:6      | Reached XP level 8. HP: 52/52 MP: 0/11
  7492 | D:6      | Killed Pikel
  7653 | D:6      | Reached ** piety under Ashenzari
  7674 | D:6      | Reached skill level 8 in Air Magic
  7770 | D:6      | Found a burning altar of Makhleb.
  8039 | D:6      | Noticed Menkaure
  8043 | D:6      | Killed Menkaure
  8044 | D:6      | Gained mutation: You have a pair of horns on your head.
                  | [demonic ancestry]
  8044 | D:6      | Reached XP level 9. HP: 62/62 MP: 4/14
  8296 | D:6      | Found a sacrificial altar of Ru.
  8688 | D:6      | Killed sphericalcow's ghost
  9140 | D:7      | Found a basalt altar of Yredelemnul.
  9642 | Abyss:1  | Cast into level 1 of the Abyss (wight)
  9676 | Abyss:1  | Noticed a smoke demon
  9679 | Abyss:1  | Noticed a thrashing horror
  9701 | Abyss:1  | Noticed a starcursed mass
  9716 | Abyss:1  | Noticed a smoke demon
  9721 | Abyss:1  | Noticed a hellwing
  9727 | Abyss:1  | Noticed an orange demon
  9733 | Abyss:1  | Noticed a wretched star
  9735 | Abyss:1  | Noticed a smoke demon
  9751 | Abyss:1  | Noticed a silent spectre
  9760 | Abyss:1  | Collided with a stone wall

Illustrated notes

Levels and vault maps discovered:
D:1:      lemuel_arrival_behind_the_door_small, layout_basic
D:2:      layout_rooms, hellmonk_ecumenical_altar_run_dry, minmay_pentomino_s4,
          uniq_crazy_yiuf_cottage
D:3:      layout_basic, mainiacjoe_overflow_small_starburst,
          nicolae_elyvilon_peaceful_grove, slow_altar_1, gammafunk_ghost_smash,
          minivault_23, grunt_decor_arrowhead
D:4:      layout_loops_cross, okawaru_trees_2, uniq_duvessa
D:5:      layout_basic, nicolae_hepliaklqana_ecumenical_no_more,
          minmay_temple_entry_mist, minmay_crystal_room,
          kennysheep_generic_room_14, uniq_prince_ribbit1
D:6:      layout_cave_pools, kennysheep_mini_moat, bloody_makhleb,
          gammafunk_ghost_nasty_kobolds, uniq_menkaure, uniq_blork_the_orc,
          uniq_pikel
D:7:      layout_rooms, mainiacjoe_overflow_chevrons, serial_glass,
          glass_columns_a, glass_columns_b, glass_columns_a, glass_columns_a,
          due_unseen_surprise, minmay_strange_pillars
Temple:   minmay_temple_curvy_branch
Abyss:1:  base:
D:7

Skill      XL: |  1  2  3  4  5  6  7  8  9 |
---------------+----------------------------+-----
Stealth        | 2 3 |  3.0
Air Magic      | 3 4 5 7 8 |  8.7
Conjurations   | 2 3 4 5 6 |  6.5
Dodging        | 3 4 |  4.1
Fighting       | 2 4 |  4.8
Spellcasting   | 3 4 |  4.2
Armour         | |  0.8

Action                   |  1- 3 |  4- 6 |  7- 9 || total
-------------------------+-------+-------+-------++-------
Melee: Short sword       |    41 |       |       ||    41
       Headbutt          |     3 |     2 |    11 ||    16
       Quarterstaff      |     1 |    12 |    53 ||    66
 Cast: Shock             |    78 |    77 |    66 ||   221
       Static Discharge  |     2 |     9 |    21 ||    32
       Airstrike         |       |       |    42 ||    42
Invok: Curse Item        |       |       |     3 ||     3
Evoke: Wand              |       |       |     3 ||     3
  Use: Potion            |     1 |     1 |     3 ||     5
       Scroll            |       |    15 |     2 ||    17
 Stab: Paralysed         |       |     1 |     9 ||    10
       Sleeping          |       |       |     1 ||     1
Armor: Robe              |     7 |     3 |     9 ||    19
       Ring mail         |       |       |     4 ||     4
Dodge: Dodged            |    30 |    16 |    63 ||   109
